Map: Lerilak Crest

Players

Shamanas

  • Race: Terran Terran

Solace - Winner!

  • Race: Protoss Protoss

VOD

Have the link to the VOD?

Description

Time

  • Played on: May 2, 2015, 12:23 a.m.
  • Length: 21:38
Show
View Real Time Build Order
Export as new Build Order

Shamanas Terran 

Build Orders: Reaper Expand 

Get SALT Encoding   

  12  0:01  SCV  
  13  0:13  SCV  
  14  0:17  Supply Depot  
  14  0:25  SCV  
  15  0:38  SCV  
  15  0:41  Barracks  
  16  0:50  Refinery  
  16  0:51  SCV  
  17  1:03  SCV  
  18  1:15  SCV  
  19  1:28  Orbital Command  
  19  1:33  Reaper  
  20  1:43  Command Center  
  20  1:54  SCV  
  21  1:55  Supply Depot  
  21  2:06  SCV, Barracks Reactor  
  22  2:15  Refinery  
  22  2:18  SCV  
  23  2:32  SCV  
  23  2:44  SCV  
  23  2:45  Marine  
  23  2:46  Marine  
  23  2:49  Factory  
  25  2:58  SCV  
  25  2:59  Command Center  
  26  3:08  Marine x2  
  26  3:12  Orbital Command  
  28  3:15  SCV  
  29  3:23  Factory  
  29  3:28  Marine x2  
  29  3:29  SCV  
  32  3:42  SCV x2  
  34  3:49  Factory Tech Lab  
  34  3:52  Marine x2  
  34  3:54  SCV x2  
  38  3:57  Supply Depot  
  37  4:07  SCV x2  
  40  4:18  Orbital Command  
  40  4:19  SCV  
  40  4:20  Hellion x2  
  40  4:21  Cyclone  
  47  4:26  Armory  
  47  4:27  Armory  
  47  4:28  SCV  
  49  4:31  SCV  
  49  4:40  SCV  
  49  4:43  SCV  
  49  4:47  Hellion x2  
  49  4:49  SCV  
  49  4:52  SCV, Refinery  
  55  4:53  Cyclone, Refinery  
  55  5:04  SCV x3  
  56  5:18  Hellion x2  
  56  5:20  SCV x2  
  62  5:25  Cyclone  
  57  5:36  SCV x2  
  56  5:45  Missile Turret x2  
  56  5:46  SCV, Missile Turret  
  56  5:48  SCV x2, Missile Turret  
  53  5:52  Hellion x2  
  57  5:57  Cyclone  
  57  6:00  Bunker  
  57  6:03  SCV, Bunker  
  57  6:04  SCV x2  
  57  6:15  SCV  
  46  6:25  Hellion x2  
  44  6:35  SCV x2, Cyclone  
  44  6:36  SCV  
  44  6:47  SCV  
  44  6:48  SCV  
  46  6:56  SCV  
  46  6:58  Hellion x2  
  46  7:00  SCV x2  
  53  7:08  SCV  
  54  7:10  Terran Vehicle and Ship Weapons Level 1  
  54  7:24  Cyclone, Hellion  
  54  7:25  SCV x3, Hellion  
  64  7:37  SCV  
  64  7:39  SCV x2  
  64  7:40  Starport  
  67  7:46  Hellion  
  69  7:52  Supply Depot  
  69  7:54  Supply Depot  
  69  7:55  Supply Depot  
  69  7:57  Terran Vehicle And Ship Armor Level 1  
  69  8:08  Orbital Command  
  69  8:13  SCV, Cyclone  
  69  8:14  Hellion  
  75  8:25  SCV  
  76  8:34  Missile Turret  
  76  8:35  Missile Turret x2  
  76  8:38  SCV x3  
  76  8:40  Hellbat x2  
  83  8:43  Starport Tech Lab  
  83  8:46  Cyclone  
  84  8:54  SCV x3  
  85  8:59  Starport  
  85  9:00  Factory  
  85  9:07  Hellion x2  
  89  9:16  SCV x3  
  85  9:30  Refinery  
  85  9:32  Refinery  
  85  9:36  Cyclone, Hellbat x2  
  85  9:38  Starport Tech Lab  
  92  9:40  Cloaking Field  
  92  9:52  Supply Depot  
  92  9:53  Supply Depot  
  92  9:55  Supply Depot x2  
  92  9:56  SCV  
  92  9:59  Factory Tech Lab  
  93  10:09  Terran Vehicle and Ship Weapons Level 2  
  93  10:10  Terran Vehicle And Ship Armor Level 2  
  101  10:14  SCV, Cyclone, Hellion x2, Banshee x2  
  101  10:18  SCV x2  
  109  10:22  Hellion x4  
  109  10:25  Cyclone  
  109  10:26  SCV  
  113  10:30  SCV  
  118  10:36  Hellbat x2  
  118  10:43  Command Center  
  118  10:46  Cyclone  
  121  10:57  Cyclone  
  124  11:21  Cyclone  
  118  11:26  Banshee x2  
  124  11:40  Refinery x2  
  124  11:44  Supply Depot x2  
  124  11:45  Supply Depot  
  124  11:54  Cyclone x2  
  124  11:55  Hellbat x2  
  124  11:56  Missile Turret  
  133  12:02  Engineering Bay  
  133  12:09  Banshee x2  
  135  12:20  Hellbat x2  
  139  12:25  SCV x2  
  139  12:26  SCV  
  139  12:27  Planetary Fortress  
  141  12:39  Cyclone  
  141  12:40  Cyclone  
  141  12:42  Terran Vehicle and Ship Weapons Level 3  
  143  12:44  Terran Vehicle And Ship Armor Level 3  
  143  12:50  SCV x2, Refinery  
  126  13:04  Hellbat x2  
  116  13:11  SCV x2  
  118  13:13  Refinery  
  116  13:27  Missile Turret  
  85  13:35  Cyclone x2  
  85  13:36  Hellbat x2  
  85  13:37  Banshee x2  
  101  13:42  Starport  
  101  13:43  Starport x2  
  101  13:44  SCV x2  
  103  14:03  Hellbat  
  103  14:04  Hellbat  
  103  14:07  Cyclone x2  
  113  14:17  Fusion Core  
  113  14:20  Banshee x2  
  119  14:29  Starport Tech Lab x2  
  119  14:30  Starport Tech Lab  
  119  14:33  Hellbat x2  
  123  14:39  Cyclone  
  123  14:41  Command Center  
  123  14:42  Command Center  
  126  14:49  Banshee x3  
  135  15:02  Banshee  
  135  15:04  Cyclone  
  135  15:05  Hellbat x2  
  145  15:07  Refinery  
  145  15:08  Missile Turret x2  
  145  15:10  Refinery  
  142  15:16  Banshee  
  140  15:32  Banshee, Viking  
  136  15:56  Cyclone x2  
  144  15:57  Hellbat x2  
  144  16:03  Banshee  
  144  16:04  Banshee  
  141  16:10  SCV  
  130  16:23  Missile Turret  
  128  16:32  Cyclone x2  
  119  16:33  Hellbat x2  
  110  16:44  Banshee  
  106  16:50  Banshee  
  105  17:04  Refinery  
  102  17:09  Refinery  
  102  17:10  Command Center x2  
  102  17:12  Cyclone  
  95  17:16  Cyclone  
  95  17:17  Hellbat x2  
  99  17:24  SCV  
  99  17:25  SCV x2  
  99  17:29  Banshee  
  96  17:30  Missile Turret  
  99  17:41  Hellbat x2  
  101  17:56  Raven  
  92  17:58  SCV x2  
  92  17:59  SCV  
  91  18:06  SCV  
  91  18:09  Cyclone, Hellbat x2  
  97  18:19  Viking x2  
  101  18:20  Banshee  
  101  18:38  Cyclone  
  101  18:39  Hellbat x2  
  108  18:47  SCV x4  
  109  18:54  Command Center  
  109  18:55  Command Center  
  109  18:58  Cyclone  
  115  19:05  Refinery  
  115  19:13  Cyclone, Hellbat x2  
  128  19:45  Viking x5  
  83  19:55  Unknown  
  83  19:57  Cyclone  
  81  20:00  Cyclone  
  81  20:02  Hellbat x2  
  88  20:14  Missile Turret  
  88  20:15  Orbital Command  
  88  20:16  Missile Turret  
  88  20:19  Viking x3  
  94  20:21  Refinery  
  94  20:22  Refinery  
  94  20:24  Viking  
  94  20:27  Hellbat x2  
  100  20:36  Planetary Fortress  
  100  20:40  Missile Turret x2  
  100  20:42  Missile Turret  
  100  20:46  Viking, Missile Turret  
  100  20:48  Missile Turret  
  100  20:49  Viking  
  104  20:59  Cyclone  
Show
View Real Time Build Order
Export as new Build Order

Solace Protoss - Winner!

Build Orders: 1 Gate Expand, Double Forge, Double Forge 

Get SALT Encoding   

  12  0:01  Probe  
  13  0:12  Pylon  
  13  0:17  Probe  
  14  0:30  Probe (Chrono Boost)  
  15  0:41  Probe (Chrono Boost), Gateway  
  16  0:48  Probe  
  16  0:49  Assimilator  
  17  1:00  Probe (Chrono Boost)  
  19  1:11  Probe (Chrono Boost)  
  19  1:18  Probe  
  20  1:26  Nexus  
  20  1:32  Probe  
  21  1:39  Cybernetics Core  
  21  1:46  Pylon  
  21  1:48  Probe (Chrono Boost)  
  22  2:01  Assimilator  
  22  2:04  Probe  
  23  2:14  Pylon  
  23  2:16  Probe  
  23  2:21  Warp Gate (Chrono Boost)  
  25  2:31  Stalker  
  26  2:43  Probe (Chrono Boost)  
  26  2:52  Probe (Chrono Boost)  
  26  2:55  Probe (Chrono Boost)  
  28  3:02  Probe (Chrono Boost)  
  28  3:03  Probe (Chrono Boost), Gateway  
  28  3:05  Gateway  
  30  3:06  Gateway  
  30  3:09  Probe (Chrono Boost)  
  30  3:12  Probe (Chrono Boost)  
  32  3:21  Probe (Chrono Boost)  
  32  3:24  Probe (Chrono Boost)  
  34  3:27  Robotics Facility  
  34  3:29  Probe (Chrono Boost)  
  34  3:30  Probe (Chrono Boost)  
  36  3:44  Probe x2  
  36  3:46  Assimilator  
  36  3:48  Pylon  
  38  3:56  Probe x2  
  40  4:10  Probe  
  40  4:11  Probe  
  40  4:15  Warp Prism (Chrono Boost)  
  44  4:18  Pylon  
  44  4:23  Probe x2, Forge  
  46  4:24  Forge  
  46  4:30  Pylon  
  46  4:32  Stalker x2  
  46  4:35  Probe x2  
  46  4:37  Stalker x2  
  56  4:44  Observer (Chrono Boost)  
  57  5:10  Probe x2  
  59  5:18  Zealot  
  59  5:19  Zealot x3  
  67  5:22  Probe x2  
  69  5:34  Probe  
  64  5:41  Nexus  
  62  5:47  Probe x2  
  64  5:52  Stalker x2  
  66  5:59  Zealot x2  
  66  6:02  Probe x2  
  72  6:14  Probe  
  73  6:20  Probe  
  72  6:26  Immortal (Chrono Boost), Probe  
  72  6:32  Probe  
  74  6:38  Probe  
  73  6:44  Probe  
  74  6:47  Zealot  
  74  6:52  Protoss Ground Weapons Level 1 (Chrono Boost)  
  74  6:53  Protoss Ground Armor Level 1 (Chrono Boost)  
  74  6:54  Probe (Chrono Boost)  
  77  6:57  Assimilator  
  77  6:58  Immortal  
  77  7:00  Twilight Council, Probe (Chrono Boost)  
  82  7:02  Pylon  
  82  7:05  Pylon x2  
  82  7:06  Probe (Chrono Boost), Zealot x2, Pylon  
  82  7:07  Stalker  
  89  7:22  Probe x2  
  91  7:23  Probe, Pylon  
  91  7:25  Pylon  
  91  7:26  Assimilator x2  
  91  7:28  Pylon  
  90  7:34  Probe x2  
  90  7:35  Probe  
  85  7:41  Charge (Chrono Boost)  
  85  7:43  Immortal (Chrono Boost)  
  89  7:46  Probe x2  
  89  7:48  Probe (Chrono Boost)  
  89  7:51  Nexus  
  92  7:52  Photon Cannon  
  92  7:53  Photon Cannon  
  92  7:55  Pylon  
  93  7:58  Probe (Chrono Boost)  
  93  7:59  Probe (Chrono Boost)  
  95  8:06  Probe (Chrono Boost)  
  95  8:08  Probe x2 (Chrono Boost)  
  95  8:12  Probe (Chrono Boost)  
  98  8:14  Zealot x2  
  98  8:15  Stalker x2  
  106  8:22  Pylon  
  106  8:36  Stalker x2  
  110  8:45  Gateway  
  110  8:47  Gateway  
  110  8:52  Photon Cannon  
  110  8:55  Zealot x2, Photon Cannon  
  110  8:56  Pylon  
  114  9:03  Probe x2  
  114  9:06  Photon Cannon  
  114  9:09  Immortal, Pylon  
  120  9:12  Photon Cannon  
  120  9:16  Zealot x4, Photon Cannon  
  112  9:34  Gateway  
  112  9:35  Gateway  
  112  9:37  Gateway, Zealot  
  112  9:38  Gateway, Zealot x3  
  118  9:40  Probe x2  
  118  9:41  Pylon  
  118  9:42  Pylon, Assimilator  
  118  9:44  Probe  
  121  9:47  Pylon  
  121  9:48  Pylon  
  121  9:53  Templar Archives  
  121  9:56  Probe  
  121  9:58  Assimilator  
  122  10:00  Zealot x3  
  122  10:01  Zealot  
  122  10:04  Protoss Ground Weapons Level 2 (Chrono Boost)  
  122  10:05  Protoss Ground Armor Level 2 (Chrono Boost)  
  122  10:06  Probe x3  
  133  10:31  Immortal (Chrono Boost)  
  137  10:41  Zealot  
  137  10:42  Zealot x5  
  147  10:49  Gateway, Pylon  
  149  10:57  Zealot x2  
  149  11:01  Nexus, Psionic Storm  
  149  11:02  Pylon  
  153  11:07  Pylon  
  153  11:09  Blink (Chrono Boost)  
  153  11:11  High Templar  
  155  11:12  High Templar  
  145  11:28  Stalker x3  
  145  11:29  Stalker x3  
  157  11:34  Probe x2  
  157  11:38  Pylon  
  159  11:45  Zealot x2  
  163  11:47  Pylon  
  163  11:53  Robotics Facility  
  163  12:06  Dark Shrine  
  163  12:15  Stalker x4  
  167  12:16  Stalker x6  
  167  12:21  Pylon  
  183  12:32  Protoss Ground Weapons Level 3 (Chrono Boost), Protoss Ground Armor Level 3 (Chrono Boost)  
  183  12:38  Protoss Air Weapons Level 1 (Chrono Boost)  
  183  12:39  Stargate  
  183  12:41  Stargate  
  183  12:42  Immortal  
  183  12:43  Immortal  
  191  12:45  Stargate  
  191  12:50  Pylon  
  153  13:11  Zealot  
  153  13:12  Zealot x6  
  161  13:13  Zealot x3  
  161  13:15  Probe x2  
  171  13:27  Nexus  
  147  13:38  Zealot x2  
  147  13:40  Dark Templar  
  147  13:48  Pylon  
  147  13:54  Pylon  
  147  13:55  Probe x3  
  148  13:56  Probe  
  150  14:09  Fleet Beacon  
  150  14:11  Pylon  
  150  14:14  Cybernetics Core  
  150  14:17  Photon Cannon  
  150  14:19  Photon Cannon  
  150  14:22  Photon Cannon  
  150  14:23  Zealot, Assimilator  
  152  14:24  Zealot x4  
  152  14:25  Protoss Air Armor Level 1, Zealot  
  152  14:26  Dark Templar x3  
  152  14:27  Dark Templar  
  152  14:28  Assimilator  
  152  14:30  Pylon, Archon  
  170  14:31  Archon  
  170  14:53  Dark Templar  
  170  14:54  Dark Templar x3  
  178  15:03  Protoss Shields Level 1  
  178  15:06  Observer x2 (Chrono Boost)  
  162  15:51  Stalker x2  
  162  15:52  Stalker x2  
  162  15:53  Stalker, Zealot x2  
  162  15:54  Zealot  
  162  16:11  Stalker x2  
  134  16:18  Stalker x3  
  134  16:19  Dark Templar  
  134  16:20  Dark Templar x2  
  142  16:31  Stalker x2  
  121  16:37  Phoenix x3 (Chrono Boost)  
  113  16:40  Dark Templar  
  109  16:47  Protoss Air Weapons Level 2 (Chrono Boost), Protoss Air Armor Level 2 (Chrono Boost)  
  104  16:58  High Templar x3  
  104  17:00  Stalker x3  
  104  17:01  Stalker x3, Phoenix x3 (Chrono Boost)  
  123  17:20  Phoenix x3  
  119  17:37  Archon x2  
  119  17:43  Dark Templar  
  119  17:44  Dark Templar, Zealot x3  
  109  17:45  Zealot  
  109  17:46  Probe  
  109  17:47  Probe x2  
  109  17:51  Void Ray x3 (Chrono Boost)  
  120  17:57  Anion Pulse-Crystals (Chrono Boost)  
  132  17:59  Probe  
  131  18:27  Void Ray x2 (Chrono Boost)  
  131  18:32  Void Ray (Chrono Boost)  
  139  18:48  Carrier x2 (Chrono Boost)  
  139  18:55  Carrier (Chrono Boost)  
  139  19:08  Nexus  
  139  19:09  Pylon  
  151  19:11  Archon  
  151  19:14  Pylon  
  153  19:23  Dark Templar  
  147  19:32  Stalker  
  147  19:33  Stalker  
  147  19:35  Zealot x5  
  147  19:36  Zealot x3  
  140  20:07  Archon  
  140  20:09  Pylon  
  140  20:14  Nexus  
  140  20:16  Assimilator  
  140  20:17  Carrier (Chrono Boost)  
  140  20:21  Carrier (Chrono Boost), Assimilator  
  140  20:24  Nexus  
  140  20:28  Zealot x6  
  146  20:29  Zealot x5  
  174  20:55  Zealot, Pylon  
  174  20:56  Zealot x3  
  182  20:59  Pylon  
  182  21:01  Dark Templar, Zealot  
  182  21:02  Assimilator  
  182  21:03  Zealot  
  188  21:05  Zealot  
Tags
 
Add a new tag
Caveats
  • Supply blocks, unpowered buildings, or Contaminate may cause inaccurate times.
  • Supply counts are checked every 10 seconds.